 Dungeon Crawl Stone Soup version 0.28-a0-1147-gc7b72d3202 (webtiles) character file.

Game seed: 476240241739988280

507 Fortus the Ruffian (level 6, -7/59 HPs)
             Began as a Troll Fighter on Dec 14, 2021.
             Mangled by a two-headed ogre (24 damage)
             ... on level 4 of the Dungeon.
             The game lasted 00:07:20 (2106 turns).

Fortus the Ruffian (Troll Fighter)                  Turns: 2106, Time: 00:07:20

Health: -7/59      AC:  4    Str: 27    XL:     6   Next: 97%
Magic:  5/5        EV:  8    Int:  4    God:
Gold:   213        SH:  9    Dex: 15    Spells: 5/5 levels left

rFire   . . .      SeeInvis .     - Unarmed
rCold   . . .      Faith    .   b - +0 kite shield
rNeg    . . .      Spirit   .   a - +0 robe
rPois   .          Reflect  .   (helmet restricted)
rElec   .          Harm     .   (no cloak)
rCorr   .          Rampage  .   (gloves unavailable)
Will    .....                   (boots unavailable)
Stlth   +.........              (no amulet)
HPRegen 0.99/turn               r - +6 ring of dexterity
MPRegen 0.09/turn               (no ring)

@: no status effects
A: large, unfitting armour, claws 3, regeneration 1, shaggy fur 1, tough skin 1
a: no special abilities


You were on level 4 of the Dungeon.
You visited 1 branch of the dungeon, and saw 4 of its levels.

You collected 213 gold pieces.

Inventory:

Armour
 a - a +0 robe (worn)
 b - a +0 kite shield (worn)
Jewellery
 o - a ring of resist corrosion
 r - a +6 ring of dexterity (left claw)
Wands
 l - a wand of flame (23)
Scrolls
 c - a scroll of noise {unknown}
 e - a scroll of identify {unknown}
 i - a scroll of fear {unknown}
 k - a scroll of enchant armour {unknown}
 n - a scroll of immolation {unknown}
 p - a scroll of teleportation {unknown}
Potions
 d - a potion of degeneration {unknown}
 f - a potion of brilliance {unknown}
 g - a potion of magic {unknown}
 h - a potion of cancellation {unknown}
 j - 3 potions of resistance {unknown}
 m - a potion of heal wounds {unknown}
 q - 2 potions of attraction {unknown}


   Skills:
 - Level 2.4 Fighting
 - Level 2.4 Dodging
 + Level 3.6 Shields
 * Level 6.8 Unarmed Combat


You had 5 spell levels left.
You didn't know any spells.
Your spell library was empty.

Dungeon Overview and Level Annotations

Branches:
Dungeon (4/15)
 Temple: D:4-7

Altars:
Gozag

Shops:
D:4 (

Annotations:
D:3 3 runed translucent doors, tensugalgo's ghost, amateur BaAM


Innate Abilities, Weirdness & Mutations

You are too large for most types of armour.
You have claws for hands.
Your natural rate of healing is unusually fast.
You are covered in fur. (AC +1)
You have tough skin. (AC +1)


Message History

The two-headed ogre hits you with a +0 giant club!!
The two-headed ogre hits you with a +0 giant spiked club!
* * * LOW HITPOINT WARNING * * *
You scratch the two-headed ogre.
The two-headed ogre is lightly wounded.
You block the two-headed ogre's attack.
The two-headed ogre hits you with a +0 giant spiked club.
You mangle the two-headed ogre!!
The two-headed ogre is heavily wounded.
You block the two-headed ogre's attack. The two-headed ogre barely misses you.
You scratch the two-headed ogre.
The two-headed ogre is heavily wounded.
The two-headed ogre hits you with a +0 giant club!
The two-headed ogre hits you with a +0 giant spiked club!
* * * LOW HITPOINT WARNING * * *
You claw the two-headed ogre!
The two-headed ogre is severely wounded.
The two-headed ogre hits you with a +0 giant club.
The two-headed ogre hits you with a +0 giant spiked club!!
* * * LOW HITPOINT WARNING * * *
You mangle the two-headed ogre!!
The two-headed ogre is almost dead.
The two-headed ogre hits you with a +0 giant club!
The two-headed ogre hits you with a +0 giant spiked club!!
* * * LOW HITPOINT WARNING * * *
You claw the two-headed ogre!
The two-headed ogre is almost dead.
The two-headed ogre barely misses you.
The two-headed ogre hits you with a +0 giant spiked club!
You scratch the two-headed ogre.
The two-headed ogre is almost dead.
The two-headed ogre hits you with a +0 giant club!
The two-headed ogre barely misses you.
The two-headed ogre closely misses you. x2
You scratch the two-headed ogre.
The two-headed ogre is almost dead.
The two-headed ogre hits you with a +0 giant club!!
* * * LOW HITPOINT WARNING * * *
The two-headed ogre hits you with a +0 giant spiked club!!
You die...

##### ####[..###########
.................###############
###.#..###'####.............)..##
......#8...#..8#..####.######...#
###...#...#....#O.# #.# #.....
......#....#...#@.####.# ##...#
#####.'.#.#(#.##..#....# ##.##
#.##.#?#.#.'..#.##.# #.#
#.#...#....#..#.##.# #.#
..#....#...#.......# ##'## #..#
#...8#..#.#### ##...# #
#...####'###..##.## ##..... ##
#.............##..## ##...... .#
#........######.#..####.......


You could see a two-headed ogre.

Vanquished Creatures
  Grinder (D:3)
  Pargi (D:3)
  A scorpion (D:4)
  2 orc priests
  An orc wizard (D:3)
  An ufetubus (D:4)
  2 worms (D:4)
  3 orcs
  7 bats
  8 endoplasms
  3 giant cockroaches
  11 goblins
  9 hobgoblins
  3 jackals (D:3)
  2 quokkas
  3 ball pythons
  4 frilled lizards
  6 kobolds
  4 rats
72 creatures vanquished.

Vanquished Creatures (others)
  5 plants (D:1)
5 creatures vanquished.

Grand Total: 77 creatures vanquished

Notes
Turn   | Place    | Note
-------+----------+-------------------------------------------
     0 | D:1      | Fortus the Troll Fighter began the quest for the Orb.
     0 | D:1      | Reached XP level 1. HP: 22/22 MP: 0/0
   100 | D:1      | Found a faded altar of an unknown god.
   106 | D:1      | Reached XP level 2. HP: 24/29 MP: 1/1
   431 | D:1      | Reached XP level 3. HP: 36/36 MP: 2/2
   435 | D:1      | Reached skill level 3 in Unarmed Combat
  1083 | D:3      | Noticed Pargi
  1109 | D:3      | Noticed Grinder
  1205 | D:3      | Paralysed by Grinder for 3 turns
  1212 | D:3      | Killed Grinder
  1213 | D:3      | Reached skill level 5 in Unarmed Combat
  1213 | D:3      | Reached XP level 4. HP: 6/44 MP: 3/3
  1213 | D:3      | Reached XP level 5. HP: 7/50 MP: 4/4
  1286 | D:3      | Reached XP level 6. HP: 43/59 MP: 5/5
  1344 | D:3      | Found a runed translucent gate.
  1344 | D:3      | Found a runed translucent gate.
  1344 | D:3      | Found a runed translucent gate.
  1346 | D:3      | Found an opulent altar of Gozag.
  1350 | D:3      | Noticed tensugalgo's ghost (amateur BaAM)
  1367 | D:3      | Killed Pargi
  1368 | D:3      | Reached skill level 6 in Unarmed Combat
  1647 | D:4      | Found Xeurhoad's Antique Weapon Shop.
  1724 | D:4      | Noticed a two-headed ogre
  2106 | D:4      | Mangled by a two-headed ogre

Illustrated notes

Levels and vault maps discovered:
D:1:      roderic_crop_circles_arrival_small, layout_loops_ring,
          shapermc_ecumenical_altar_acropolis
D:2:      layout_rooms, minmay_misc_feat_diagonals
D:3:      layout_rooms, ebering_ghost_gozag, uniq_pargi, uniq_grinder
D:4:      layout_loops_corners, serial_shops, shop, nicolae_shop_trees, shop,
          shop, grunt_decor_cap, minivault_1, st_stairs_1

Skill      XL: |  1  2  3  4  5  6 |
---------------+-------------------+-----
Unarmed Combat | 5 6 |  6.8
Shields        | 3 |  3.6
Fighting       | |  2.4
Dodging        | |  2.4

Action                   |  1- 3 |  4- 6 || total
-------------------------+-------+-------++-------
Melee: Unarmed           |   115 |    74 ||   189
  Use: Potion            |       |     1 ||     1
 Stab: Sleeping          |     1 |       ||     1
Armor: Robe              |    48 |    15 ||    63
Dodge: Dodged            |    36 |    26 ||    62
Block: Kite shield       |    34 |    22 ||    56

Table legend: (Time is in decaauts)
 A = Elapsed time spent in this place.
 B = Non-inter-level travel time spent in this place.
 C = Inter-level travel time spent in this place.
 D = Time resting spent in this place.
 E = Time spent auto-exploring this place.
 F = Levels seen in this place.
 G = Mean time per level.
                   A        B        C        D        E       F      G
               +--------+--------+--------+--------+--------+-----+--------+
         Total |   2132 |   1987 |    145 |    111 |   1206 |   4 |  533.0 |
       Dungeon |   2132 |   1987 |    145 |    111 |   1206 |   4 |  533.0 |
               +--------+--------+--------+--------+--------+-----+--------+

Top non-repeatable levels by time:
     D:1: 697 daAuts
     D:3: 599 daAuts
     D:2: 461 daAuts
     D:4: 374 daAuts
